 Dungeon Crawl Stone Soup version 0.21-a0-338-g36cf2fc (webtiles) character file.

80 truemonolith the Magician (level 4, -1/24 HPs)
             Began as a Deep Elf Conjurer on Oct 3, 2017.
             Killed from afar by Ijyb (9 damage)
             ... with a wand of lightning (?/15)
             ... on level 3 of the Dungeon.
             The game lasted 00:03:42 (1770 turns).

truemonolith the Magician (Deep Elf Conjurer)       Turns: 1770, Time: 00:03:43

Health: -1/24      AC:  2    Str:  5    XL:     4   Next: 18%
Magic:  9/14       EV: 13    Int: 21    God:
Gold:   123        SH:  0    Dex: 15    Spells: 14/15 levels left

rFire    . . .     SeeInvis .   (no weapon)
rCold    . . .     Gourm    .   (no shield)
rNeg     . . .     Faith    .   a - +0 robe
rPois    .         Spirit   .   (no helmet)
rElec    .         Reflect  .   (no cloak)
rCorr    .         Harm     .   (no gloves)
MR       .....                  (no boots)
Stlth    ++........             (no amulet)
HPRegen  0.08/turn              (no ring)
MPRegen  0.14/turn              (no ring)

@: no status effects
A: no striking features
a: no special abilities


You were on level 3 of the Dungeon.
You were not hungry.

You visited 1 branch of the dungeon, and saw 3 of its levels.

You collected 123 gold pieces.

Inventory:

Armour
 a - a +0 robe (worn)
Jewellery
 l - a +3 ring of strength {unknown}
Scrolls
 d - 4 scrolls of identify {unknown}
 e - a scroll of random uselessness {unknown}
 g - a scroll of fog {unknown}
 h - a scroll of recharging {unknown}
 i - 2 scrolls of enchant weapon {unknown}
 j - 2 scrolls of teleportation {unknown}
 n - a scroll of remove curse {unknown}
 q - a scroll of enchant armour {unknown}
 s - a scroll of immolation {unknown}
Potions
 f - 2 potions of lignification {unknown}
 k - a potion of ambrosia {unknown}
 p - a potion of invisibility {unknown}
 r - a potion of brilliance {unknown}
Books
 b - a book of Conjurations

   Spells                             Type                      Level
   a - Magic Dart                     Conjuration                  1
   b - Searing Ray                    Conjuration                  2
   c - Dazzling Spray                 Conjuration/Hexes            3
   d - Fulminant Prism                Conjuration/Hexes            4
   e - Force Lance                    Conjuration/Translocation    4
   f - Iskenderun's Mystic Blast      Conjuration                  4
Comestibles
 c - 3 bread rations
 m - a royal jelly


   Skills:
 - Level 2.4 Dodging
 - Level 2.4 Stealth
 + Level 6.1 Spellcasting
 - Level 4.3 Conjurations


You had 14 spell levels left.
You knew the following spells:

 Your Spells              Type           Power        Failure   Level  Hunger
a - Magic Dart            Conj           ###.         1%          1    None


Dungeon Overview and Level Annotations

Branches:
Dungeon (3/15)

Altars:
Dithmenos
Sif Muna
Xom

Annotations:
D:3 Ijyb


Message History

Confirm with . or Enter, or press ? or * to list all spells.
Aiming: Magic Dart
Press: ? - help, Shift-Dir - straight line, f/p - Ijyb
Aim: Ijyb, wearing a ring mail and carrying a wand of lightning (?/15) {zapped: 1} (lightly wounded)
The magic dart hits Ijyb.
Ijyb is moderately wounded.
Ijyb hits you.
A rat comes into view.
Ijyb zaps a wand.
The bolt of lightning hits you!
Ouch! That really hurt!
Ijyb zaps a wand.
The bolt of lightning misses you.
Casting: Magic Dart
Confirm with . or Enter, or press ? or * to list all spells.
Aiming: Magic Dart
Press: ? - help, Shift-Dir - straight line, f/p - Ijyb
Aim: Ijyb, wearing a ring mail and carrying a wand of lightning (?/15) {zapped: 3} (moderately wounded)
The magic dart hits Ijyb.
Ijyb is moderately wounded.
Ijyb zaps a wand.
The bolt of lightning hits you!
You die...

≈≈≈≈≈≈≈≈≈## #....
≈≈≈≈≈≈≈≈≈≈## #...#
≈≈≈≈≈≈≈≈≈≈≈## #...#
≈≈≈≈≈≈≈≈≈≈≈≈###...#
≈≈≈≈≈≈≈≈≈≈≈≈≈##.<.#
≈≈≈≈≈≈≈≈≈≈≈≈≈# ...
≈≈8..8≈≈≈≈≈≈≈###.#
.............'.#@#####.r
............†'..........
≈≈8..8≈≈≈≈≈≈≈#.#.#####..
≈≈≈≈≈≈≈≈≈≈≈≈≈#.#g.......
≈≈≈≈≈≈≈≈≈≈≈≈≈#...######.
≈≈≈≈≈≈≈≈≈≈≈≈##.#.#
≈≈≈≈≈≈≈≈≈≈≈#####†#
≈≈≈≈≈≈≈≈≈≈## #.#
≈≈≈≈≈≈≈≈≈# #.#


You could see Ijyb.

Vanquished Creatures
  3 adders
  A worm (D:2)
  A dart slug (D:1)
  A leopard gecko (D:2)
  5 giant cockroaches
  7 goblins
  4 hobgoblins
  8 kobolds
  2 quokkas
  6 bats
  2 frilled lizards (D:3)
  5 rats
45 creatures vanquished.

Notes
Turn   | Place    | Note
-------+----------+-------------------------------------------
     0 | D:1      | truemonolith the Deep Elf Conjurer began the quest for the Orb.
     0 | D:1      | Reached XP level 1. HP: 10/10 MP: 6/6
   186 | D:1      | Reached skill level 4 in Spellcasting
   186 | D:1      | Reached XP level 2. HP: 15/15 MP: 6/9
   736 | D:1      | Reached XP level 3. HP: 16/19 MP: 7/11
   807 | D:2      | Reached skill level 5 in Spellcasting
  1079 | D:2      | Found a hazy altar of Hepliaklqana.
  1106 | D:2      | Found a shadowy altar of Dithmenos.
  1106 | D:2      | Found a shimmering altar of Xom.
  1133 | D:2      | Found an ancient bone altar of Kikubaaqudgha.
  1133 | D:2      | Found a deep blue altar of Sif Muna.
  1133 | D:2      | Found a blossoming altar of Fedhas.
  1668 | D:3      | Reached skill level 6 in Spellcasting
  1668 | D:3      | Reached XP level 4. HP: 24/24 MP: 10/14
  1759 | D:3      | Noticed Ijyb
  1770 | D:3      | Killed from afar by Ijyb

Vault maps used:
D:1:      nzn_arrival_settlement
D:2:      doesnt_xom_only_xom, kennysheep_nub
D:3:      kennysheep_big_flooded_room, serial_bayou_crossing, uniq_natasha,
          uniq_ijyb

Skill      XL: |  1  2  3 |
---------------+----------+-----
Spellcasting   | 4 6 |  6.1
Dodging        | |  2.4
Stealth        | |  2.4
Conjurations   | |  4.3

Action                   |  1- 3 |  4- 6 || total
-------------------------+-------+-------++-------
Melee: Unarmed           |     1 |       ||     1
 Cast: Magic Dart        |    74 |    14 ||    88
  Eat: Chunk             |     2 |       ||     2
Armor: Robe              |     5 |       ||     5
Dodge: Dodged            |    20 |     3 ||    23

Table legend:
 A = Spawn XP
 B = Non-spawn XP
 C = Spawn XP percentage of total XP
 D = Spawn monster count
 E = Non-spawn monster count
 F = Spawn count percentage of total count
 G = Total turns spent on level
                    A         B        C        D         E        F      G
               +---------+---------+-------+---------+---------+-------+---------
         Total |       0 |     115 |   0.0 |       0 |      45 |   0.0 |  1770
               +---------+---------+-------+---------+---------+-------+---------
           D:1 |       0 |      42 |   0.0 |       0 |      24 |   0.0 |   792
           D:2 |       0 |      53 |   0.0 |       0 |      15 |   0.0 |   825
           D:3 |       0 |      20 |   0.0 |       0 |       6 |   0.0 |   153
               +---------+---------+-------+---------+---------+-------+---------
